 Dungeon Crawl Stone Soup version 0.30.1-11-g7821555f0a (webtiles) character file.

Game seed: 16295461376067335606

22996 jfcaron the Brawler (level 13, -9/133 HPs)
             Began as an Ogre Monk on Nov 20, 2023.
             Was a High Priest of Zin.
             Mangled by a skyshark (10 damage)
             ... on level 1 of the Lair of Beasts.
             The game lasted 00:39:41 (17238 turns).

jfcaron the Brawler (Ogre Monk)                    Turns: 17238, Time: 00:39:42

Health: -9/133     AC:  9    Str: 22    XL:     13   Next: 3%
Magic:  17/17      EV: 13    Int: 11    God:    Zin [*****.]
Gold:   800        SH:  0    Dex: 11    Spells: 12/12 levels left

rFire   . .          .
                       - Unarmed
rCold   . . .        c - orb {light}
rNeg    . . .        x - +2 steam dragon scales
rPois   +            s - +0 hat
rElec   .            w - +0 cloak
rCorr   .            (gloves unavailable)
SInv    .            (boots unavailable)
Will    ++...        v - amulet of the acrobat
Stlth   +            I - ring of willpower
HPRegen 0.42/turn    A - ring of poison resistance
MPRegen 0.15/turn

%: acrobat
@: glowing
A: large, unfitting armour, tough skin 1
a: Renounce Religion, Recite, Vitalisation, Imprison, Sanctuary, Donate Gold


You were on level 1 of the Lair of Beasts.
You worshipped Zin.
Zin was extremely pleased with you.
You visited 4 branches of the dungeon, and saw 13 of its levels.

You collected 2339 gold pieces.
You spent 1415 gold pieces at shops.
You donated 124 gold pieces to Zin.

Inventory:

Missiles
 i - 4 boomerangs of dispersal {!f}
 l - a throwing net {!f}
 o - 11 poisoned darts
 t - 4 boomerangs (quivered)
 J - 7 large rocks {!f}
Armour
 c - an orb of light (worn)
 d - a +0 tower shield
 s - a +0 hat (worn)
 w - a +0 cloak (worn)
 x - +2 steam dragon scales (worn)
 y - +0 acid dragon scales
 G - a +0 robe of the Archmagi
   (You took it off a wight on level 6 of the Dungeon)
 L - a +2 robe of cold resistance
   (You took it off Erica on level 8 of the Dungeon)
Jewellery
 v - an amulet of the acrobat (around neck)
   (You took it off an orc wizard on level 3 of the Dungeon)
 A - a ring of poison resistance (right hand)
 I - a ring of willpower (left hand)
   (You found it on level 7 of the Dungeon)
Wands
 f - a wand of mindburst (3)
 k - a wand of paralysis (7)
 n - a wand of quicksilver (6)
   (You took it off Natasha on level 2 of the Dungeon)
 H - a wand of digging (6)
   (You found it on level 6 of the Dungeon)
Scrolls
 g - a scroll of brand weapon
 r - 2 scrolls of magic mapping
 u - 2 scrolls of noise
 C - a scroll of immolation
 F - a scroll of identify
 K - a scroll of silence
Potions
 a - a potion of mutation
 e - 3 potions of curing
 h - 3 potions of flight
 j - 6 potions of heal wounds
 p - 2 potions of attraction
 q - a potion of resistance
 z - 2 potions of brilliance
 B - 2 potions of haste
 D - a potion of invisibility
 E - 4 potions of lignification


   Skills:
 - Level 10.0 Fighting
 + Level 3.6 Armour
 - Level 10.0 Dodging
 - Level 15.0 Unarmed Combat
 + Level 5.6 Invocations


You had 12 spell levels left.
You didn't know any spells.
Your spell library contained the following spells:

 Spells                   Type           Power      Damage    Failure   Level
 Sandblast                Erth           0%         2d4       34%         1
 Blink                    Tloc           0%         N/A       47%         2
 Lesser Beckoning         Tloc           0%         N/A       47%         2
 Momentum Strike          Conj/Tloc      0%         3d8       47%         2
 Passwall                 Tmut/Erth      0%         N/A       47%         2
 Poisonous Vapours        Pois/Air       0%         N/A       47%         2
 Mephitic Cloud           Conj/Pois/Air  0%         N/A       71%         3
 Stone Arrow              Conj/Erth      0%         3d7       71%         3
 Animate Armour           Summ/Erth      0%         N/A       98%         4
 Animate Dead             Necr           0%         N/A       98%         4
 Freezing Cloud           Conj/Ice/Air   0%         6-21      100%        5
 Haunt                    Necr/Summ      0%         N/A       100%        7
 Infestation              Necr           0%         N/A       100%        8
 Lehudib's Crystal Spear  Conj/Erth      0%         10d2      100%        8


Dungeon Overview and Level Annotations

Branches:
Dungeon (9/15)             Temple (1/1) D:7            Lair (1/5) D:9
    Orc (2/2) D:9             Elf (0/3) Orc:2

Altars:
Ashenzari
Cheibriados
Dithmenos
Elyvilon
Fedhas
Gozag
Hepliaklqana
Kikubaaqudgha
Makhleb
Nemelex Xobeh
Okawaru
Qazlal
Ru
Sif Muna
Trog
Uskayaw
Vehumet
Wu Jian
Xom
Yredelemnul
Zin
The Shining One

Shops:
D:1 *   D:6 !   D:7 =   Orc:2 ([(!

Annotations:
D:9 3 runed translucent doors


Innate Abilities, Weirdness & Mutations

You are too large for most types of armour.
You have tough skin. (AC +1)


Message History

You feel less invigorated.
You feel less confused.
Search for what [Enter for "transm", or ? for help]? rF+ Unknown command.
You start resting.
You hear the slow rumble of an avalanche of rocks.
A skyshark comes into view.
Found a dented filigree amulet.
The skyshark completely misses you. x2
The skyshark barely misses you.
You pummel the skyshark!!
The skyshark is moderately wounded.
The skyshark bites you.
The skyshark tastes blood and grows stronger!
The skyshark closely misses you. x2
Aiming: Paralyse
Press: ? - help, Shift-Dir - straight line, f - skyshark
Aim: a skyshark (moderately wounded, strong, haloed, chance to affect: 31%)
The skyshark easily resists.
The skyshark bites you!!
* * * LOW HITPOINT WARNING * * *
The skyshark enters a blood-rage!
The skyshark closely misses you.
The skyshark tail-slaps you but does no damage.
Aiming: Paralyse
Press: ? - help, Shift-Dir - straight line, f/p - skyshark
Aim: a skyshark (moderately wounded, berserk, haloed, chance to affect: 31%)
The skyshark easily resists.
The skyshark bites you!
* * * LOW HITPOINT WARNING * * *
The skyshark closely misses you. The skyshark tail-slaps you.
* * * LOW HITPOINT WARNING * * *
Aiming: Paralyse
Press: ? - help, Shift-Dir - straight line, f/p - skyshark
Aim: a skyshark (moderately wounded, berserk, haloed, chance to affect: 31%)
The skyshark easily resists.
The skyshark bites you but does no damage.
The skyshark tail-slaps you but does no damage.
The skyshark misses you. The skyshark bites you!!
* * * LOW HITPOINT WARNING * * *
The skyshark tail-slaps you!
* * * LOW HITPOINT WARNING * * *
The skyshark tail-slaps you!
You die...

,** **,,,,,,* **
*,,,,,*** **...#* **...#
*,...## ##....#* ### *
##....,,*###.### **
#...##,###.....#
.###..#.###...##@.#
..<†...#.†...##l..#***
.........##..#"..##*∩***
...?#######..#...#~~,~~*
.#..#**,*,...#...#~~,~~*
...#.**,,.####...#~~,~~*
...$#.*,#.* #...#*~,~**
....,.,,#** ##...*,,,*
.###*,#** *,,,,,,,*


You could see a skyshark (berserk).

Vanquished Creatures
  2 orc warlords (Orc:2)
  Erica (D:8)
  An ogre mage (Orc:2)
  2 two-headed ogres
  An orc high priest (Orc:2)
  Amaemon (D:9)
  Pikel (D:4)
  An orc knight (Orc:2)
  4 orc sorcerers
  A cyclops (D:7)
  Maggie (D:8)
  An orange demon (D:9)
  Psyche (D:8)
  A komodo dragon (Lair:1)
  2 trolls (Orc:2)
  3 hornets (D:9)
  Sigmund (D:4)
  12 yaks
  3 wyverns
  A steam dragon (D:7)
  7 wargs
  2 acid dragons
  6 water moccasins
  33 orc warriors
  An ice beast (D:7)
  3 black bears
  2 sky beasts (D:7)
  2 centaurs (D:9)
  9 ogres
  2 lemures (D:4)
  5 bullfrogs
  2 kobold brigands (D:8)
  A gnoll sergeant (D:5)
  2 scorpions
  22 wights
  8 killer bees (D:7)
  5 howler monkeys
  6 hounds
  17 orc priests
  3 jellies
  A sleepcap (D:7)
  Terence (D:2)
  7 iguanas
  Natasha (thrice) (D:2)
  31 orc wizards
  6 gnolls
  6 adders
  2 shadow imps (D:7)
  2 white imps (D:8)
  A worm (D:3)
  4 dart slugs
  77 orcs
  7 endoplasms
  2 giant cockroaches
  7 goblins
  8 hobgoblins
  5 jackals
  19 kobolds
  4 quokkas
  9 ball pythons
  7 bats
  2 frilled lizards (D:2)
  6 rats
396 creatures vanquished.

Notes
Turn   | Place    | Note
-------+----------+-------------------------------------------
     0 | D:1      | jfcaron the Ogre Monk began the quest for the Orb.
     0 | D:1      | Reached XP level 1. HP: 24/24 MP: 1/1
    23 | D:1      | Found Yge Luag's General Store.
   156 | D:1      | Reached skill level 3 in Unarmed Combat
   161 | D:1      | Reached XP level 2. HP: 23/32 MP: 2/2
   598 | D:1      | Reached XP level 3. HP: 39/39 MP: 3/3
   853 | D:2      | Reached skill level 4 in Unarmed Combat
   961 | D:2      | Noticed Terence
   965 | D:2      | Killed Terence
   966 | D:2      | Reached XP level 4. HP: 48/48 MP: 4/4
  1027 | D:1      | Bought a potion of curing for 33 gold pieces
  1040 | D:2      | Noticed Natasha
  1045 | D:2      | Killed Natasha
  1224 | D:2      | Reached skill level 5 in Unarmed Combat
  1281 | D:2      | Reached XP level 5. HP: 54/54 MP: 5/5
  1405 | D:2      | Noticed Natasha
  1408 | D:2      | Killed Natasha
  1515 | D:2      | Noticed Natasha
  1520 | D:2      | Killed Natasha
  1897 | D:1      | Bought a scroll of fear for 44 gold pieces
  2043 | D:3      | Reached XP level 6. HP: 62/62 MP: 6/6
  2180 | D:3      | Reached skill level 6 in Unarmed Combat
  2187 | D:3      | Identified the +6 chain mail "Qushiumi" {rElec rF+ rC-
                  | rCorr}
  2987 | D:1      | Bought a scroll of magic mapping for 82 gold pieces
  3146 | D:4      | Noticed Pikel
  3165 | D:4      | Reached skill level 7 in Unarmed Combat
  3165 | D:4      | Reached XP level 7. HP: 70/70 MP: 7/7
  3169 | D:4      | Killed Pikel
  3170 | D:4      | Reached skill level 8 in Unarmed Combat
  3170 | D:4      | Reached XP level 8. HP: 63/78 MP: 8/8
  3309 | D:4      | Noticed Sigmund
  3317 | D:4      | Killed Sigmund
  3318 | D:4      | Reached skill level 9 in Unarmed Combat
  3924 | D:5      | Entered Level 5 of the Dungeon
  4330 | D:5      | Reached skill level 10 in Unarmed Combat
  4842 | D:6      | Reached skill level 5 in Fighting
  4845 | D:6      | Reached XP level 9. HP: 77/88 MP: 9/9
  5384 | D:6      | Reached skill level 5 in Dodging
  5522 | D:1      | Bought a potion of mutation for 88 gold pieces
  5943 | D:6      | Found Usmykh's Distillery.
  6475 | D:6      | Bought a potion of degeneration for 12 gold pieces
  6717 | D:7      | Found a hazy altar of Hepliaklqana.
  7196 | D:6      | Bought a potion of heal wounds for 60 gold pieces
  7196 | D:6      | Bought a potion of lignification for 36 gold pieces
  7236 | D:7      | Found a staircase to the Ecumenical Temple.
  7246 | Temple   | Entered the Ecumenical Temple
  7432 | Temple   | Became a worshipper of Elyvilon the Healer
  7432 | Temple   | Reached * piety under Elyvilon
  7432 | Temple   | Reached ** piety under Elyvilon
  7616 | D:7      | Reached skill level 1 in Invocations
  7628 | D:7      | Reached skill level 11 in Unarmed Combat
  7646 | D:7      | Reached XP level 10. HP: 42/100 MP: 11/11
  8072 | D:7      | Noticed a two-headed ogre
  8079 | D:7      | Killed a two-headed ogre
  8140 | D:7      | Noticed a cyclops
  8143 | D:7      | Killed a cyclops
  8475 | D:7      | Found Unupihass's Jewellery Shop.
  9121 | D:8      | Identified a scroll of acquirement
  9121 | D:8      | Acquired 830 gold pieces
  9193 | D:6      | Bought a potion of heal wounds for 60 gold pieces
  9193 | D:6      | Bought a potion of curing for 36 gold pieces
  9193 | D:6      | Bought a potion of haste for 120 gold pieces
  9193 | D:6      | Bought a potion of lignification for 36 gold pieces
  9310 | D:1      | Bought a wand of mindburst (7) for 107 gold pieces
  9310 | D:1      | Bought a wand of quicksilver (6) for 277 gold pieces
  9310 | D:1      | Bought a scroll of silence for 104 gold pieces
  9501 | D:8      | Noticed Erica
  9518 | D:8      | Killed Erica
  9519 | D:8      | Reached skill level 12 in Unarmed Combat
  9704 | D:8      | Noticed Psyche
  9719 | D:8      | Killed Psyche
  9720 | D:8      | Reached XP level 11. HP: 105/113 MP: 14/14
  9879 | D:8      | Identified the +1 leather armour of the Bagpipe {rElec
                  | Str-3 Int+2}
  9995 | D:8      | Reached *** piety under Elyvilon
 10018 | D:8      | Found a shimmering blue altar of Sif Muna.
 10048 | D:8      | Noticed Maggie
 10061 | D:8      | Killed Maggie
 10356 | D:8      | Found a glowing silver altar of Zin.
 10360 | D:8      | Fell from the grace of Elyvilon
 10360 | D:8      | Became a worshipper of Zin the Law-Giver
 10360 | D:8      | Reached * piety under Zin
 10360 | D:8      | Reached ** piety under Zin
 10504 | D:8      | Reached skill level 5 in Invocations
 10689 | D:9      | Noticed a two-headed ogre
 10715 | D:9      | Killed a two-headed ogre
 10986 | D:9      | Paralysed by a hornet for 1 turns
 10996 | D:9      | HP: 23/117 [poisoned by a hornet]
 11021 | D:9      | HP: 23/117 [bullfrog (7)]
 11026 | D:9      | HP: 18/117 [bullfrog (7)]
 11403 | D:9      | Found a staircase to the Lair.
 11434 | D:9      | Found a runed translucent gate.
 11434 | D:9      | Found a runed translucent gate.
 11434 | D:9      | Found a runed translucent gate.
 11434 | D:9      | Noticed a cyan ugly thing
 11434 | D:9      | Noticed a red ugly thing
 11435 | D:9      | Noticed a red ugly thing
 11435 | D:9      | Noticed a glowing orange brain
 11438 | D:9      | Noticed a green ugly thing
 11564 | D:9      | Reached skill level 10 in Fighting
 11565 | D:9      | Reached *** piety under Zin
 11677 | D:9      | Reached skill level 13 in Unarmed Combat
 11681 | D:9      | HP: 23/117 [orc warrior/bolt (7)]
 11700 | D:9      | HP: 18/117 [orc wizard/puff of flame (5)]
 11704 | D:9      | HP: 8/117 [acid dragon/splash of acid (17)]
 12002 | D:9      | Found a staircase to the Orcish Mines.
 12055 | D:9      | Noticed Amaemon
 12069 | D:9      | HP: 23/117 [poisoned by scorpion (concentrated venom)]
 12073 | D:9      | HP: 11/117 [poisoned by scorpion (concentrated venom)]
 12439 | D:7      | Bought a ring of poison resistance for 260 gold pieces
 12618 | D:9      | Killed Amaemon
 12845 | D:9      | a dream sheep changed into an anaconda
 12845 | D:9      | Noticed an anaconda (glowing shapeshifter)
 12847 | D:9      | an anaconda changed into a boulder beetle
 12847 | D:9      | Noticed a boulder beetle (glowing shapeshifter)
 12922 | Orc:1    | Entered Level 1 of the Orcish Mines
 13035 | Orc:1    | Reached **** piety under Zin
 13065 | Orc:2    | Entered Level 2 of the Orcish Mines
 13065 | Orc:2    | Noticed an orc sorcerer
 13075 | Orc:1    | Killed an orc sorcerer
 13461 | Orc:2    | Reached XP level 12. HP: 111/126 MP: 15/15
 13788 | Orc:2    | Found Peos's Weapon Emporium.
 13884 | Orc:2    | Noticed an orc warlord
 13896 | Orc:2    | Reached skill level 14 in Unarmed Combat
 13907 | Orc:2    | HP: 21/126 [orc warlord/+2 war axe of venom (27)]
 13917 | Orc:2    | HP: 20/126 [orc warlord/+2 war axe of venom (8)]
 13918 | Orc:2    | Killed an orc warlord
 13922 | Orc:2    | HP: 25/126 [warg (12)]
 14286 | Orc:2    | Noticed a soul eater
 14299 | Orc:2    | Found Oclairph's Distillery.
 14322 | Orc:2    | Bought a potion of heal wounds for 60 gold pieces
 14659 | Orc:1    | Noticed an orc high priest
 14709 | Orc:2    | Noticed a sun demon
 14713 | Orc:2    | Killed an orc high priest
 15447 | Orc:2    | Reached ***** piety under Zin
 15524 | Orc:2    | Noticed an orc warlord
 15571 | Orc:2    | Killed an orc warlord
 15815 | Orc:2    | Reached skill level 15 in Unarmed Combat
 15956 | Orc:2    | Noticed a sun demon
 15959 | Orc:2    | Found Titt's Antique Armour Shoppe.
 16202 | Orc:2    | Found Vena's Antique Weapon Emporium.
 16245 | Orc:2    | Found a staircase to the Elven Halls.
 16346 | Orc:2    | Reached skill level 10 in Dodging
 16346 | Orc:2    | jfcaron: !AC 6
 16414 | Orc:2    | Reached skill level 1 in Armour
 16540 | Orc:2    | Noticed an ogre mage
 16549 | Orc:2    | Killed an ogre mage
 17174 | Lair:1   | Entered Level 1 of the Lair of Beasts
 17201 | Lair:1   | Reached XP level 13. HP: 42/133 MP: 15/17
 17238 | Lair:1   | HP: 10/133 [skyshark (19)]
 17238 | Lair:1   | HP: 1/133 [skyshark (9)]
 17238 | Lair:1   | Mangled by a skyshark

Illustrated notes

Levels and vault maps discovered:
D:1:      dpeg_arrival_simpleton_b, layout_basic, serial_shops, shop
D:2:      layout_loops_ring, uniq_natasha, uniq_terence
D:3:      layout_basic
D:4:      layout_loops_ring, minmay_misc_feat_cross, uniq_sigmund, uniq_pikel
D:5:      layout_rooms
D:6:      layout_basic, serial_shops, shop
D:7:      nzn_winding_woodlands_small [nzn_winding_woodlands_5x15_pool,
          nzn_winding_woodlands_center_diamonds,
          nzn_winding_woodlands_5x15_pockets], layout_basic,
          mainiacjoe_overflow_tiny_flanked,
          minmay_temple_entry_drinking_statues, serial_shops,
          nicolae_shop_tiny_glass
D:8:      minmay_flawed_box, layout_loops_ring, nicolae_sif_muna_little_library,
          zin_treasury, kennysheep_path_1, grunt_ministairs_2,
          minmay_misc_feat_plants, uniq_erica, uniq_maggie, uniq_psyche
D:9:      layout_basic, due_lair_maze_entry_diamond, david_orc_4,
          ploomutoo_gammafunk_ghost_potion_laboratory, uniq_amaemon
Temple:   nicolae_temple_bog_church
Lair:1:   layout_misc_corridors, ebering_ghost_xom,
          lightli_volcano_entry_magma_tube
Orc:1:    layout_caves, basic_altar
Orc:2:    grunt_orc_community_town_hall, layout_caves,
          grunt_orc_community_big_house_2, grunt_orc_community_big_house_1,
          grunt_orc_community_house_3, grunt_orc_community_house_1,
          grunt_orc_community_house_1, grunt_orc_community_house_1,
          grunt_orc_community_house_2, mines4_lemuel

Skill      XL: |  1  2  3  4  5  6  7  8  9 10 11 12 |
---------------+-------------------------------------+-----
Unarmed Combat | 3 4 5 7 8 10 11 12 13 15 | 15.0
Dodging        | 3 5 7 8 10 | 10.0
Fighting       | 5 6 8 10 | 10.0
Invocations    | 1 4 5 |  5.6
Armour         | 3 |  3.6

Action                     |  1- 3 |  4- 6 |  7- 9 | 10-12 | 13-15 || total
---------------------------+-------+-------+-------+-------+-------++-------
  Melee: Unarmed           |    67 |   159 |   241 |   705 |    14 ||  1186
  Throw: Stone             |    22 |     4 |     3 |    49 |       ||    78
         Dart              |    15 |       |    32 |   115 |       ||   162
         Large rock        |     3 |     7 |     8 |    10 |       ||    28
         Boomerang         |       |       |     1 |    81 |       ||    82
 Invoke: Recite            |       |       |       |    12 |       ||    12
         Vitalisation      |       |       |       |     1 |       ||     1
  Evoke: Wand              |       |     2 |     7 |    29 |     3 ||    41
    Use: Scroll            |     3 |       |     7 |     9 |       ||    19
         Potion            |       |       |       |    10 |     1 ||    11
   Stab: Paralysed         |       |       |       |    12 |       ||    12
         Confused          |       |       |       |     4 |       ||     4
 Armour: Robe              |    29 |    46 |    50 |     1 |       ||   126
         Steam dragon scal |       |       |       |   155 |     5 ||   160
  Dodge: Dodged            |    40 |    86 |   133 |   380 |    11 ||   650

Table legend: (Time is in decaauts)
 A = Elapsed time spent in this place.
 B = Non-inter-level travel time spent in this place.
 C = Inter-level travel time spent in this place.
 D = Time resting spent in this place.
 E = Time spent auto-exploring this place.
 F = Levels seen in this place.
 G = Mean time per level.
                   A        B        C        D        E       F      G
               +--------+--------+--------+--------+--------+-----+--------+
         Total |  17077 |  15233 |   1844 |   4640 |   7863 |  13 | 1313.6 |
       Dungeon |  12700 |  11026 |   1674 |   2704 |   6450 |   9 | 1411.1 |
        Temple |    195 |    172 |     23 |      0 |    150 |   1 |  195.0 |
          Lair |     55 |     55 |      0 |     12 |      0 |   1 |   55.0 |
  Orcish Mines |   4125 |   3979 |    146 |   1924 |   1263 |   2 | 2062.5 |
               +--------+--------+--------+--------+--------+-----+--------+

Top non-repeatable levels by time:
   Orc:2: 3090 daAuts
     D:7: 2322 daAuts
     D:9: 1929 daAuts
     D:6: 1811 daAuts
     D:8: 1568 daAuts
     D:4: 1175 daAuts
     D:2: 1171 daAuts
   Orc:1: 1035 daAuts
     D:3: 1020 daAuts
     D:1: 986 daAuts
     D:5: 714 daAuts
  Temple: 195 daAuts
  Lair:1: 55 daAuts

Table legend:
 A = Kills in this place as a percentage of kills in the entire game.
 B = Kills by you in this place as a percentage of kills by you in the entire game.
 C = Kills by friends in this place as a percentage of kills by friends in the entire game.
 D = Other kills in this place as a percentage of other kills in the entire game.
 E = Experience gained in this place as a percentage of experience gained in the entire game.
 F = Experience gained in this place divided by the number of levels of this place that you have seen.
                   A       B       C       D       E      F
               +-------+-------+-------+-------+-------+----------------------
         Total | 100.0 | 100.0 |   N/A | 100.0 | 100.0 | 2527.1
       Dungeon |  66.2 |  66.2 |   N/A |  50.0 |  52.1 | 1900.9
          Lair |   1.8 |   1.8 |   N/A |   0.0 |   4.7 | 1551.0
  Orcish Mines |  32.1 |  32.0 |   N/A |  50.0 |  43.2 | 7096.5
               +-------+-------+-------+-------+-------+----------------------

Levels and vault maps discovered:
D:1:      dpeg_arrival_simpleton_b, layout_basic, serial_shops, shop
D:2:      layout_loops_ring, uniq_natasha, uniq_terence
D:3:      layout_basic
D:4:      layout_loops_ring, minmay_misc_feat_cross, uniq_sigmund, uniq_pikel
D:5:      layout_rooms
D:6:      layout_basic, serial_shops, shop
D:7:      nzn_winding_woodlands_small [nzn_winding_woodlands_5x15_pool,
          nzn_winding_woodlands_center_diamonds,
          nzn_winding_woodlands_5x15_pockets], layout_basic,
          mainiacjoe_overflow_tiny_flanked,
          minmay_temple_entry_drinking_statues, serial_shops,
          nicolae_shop_tiny_glass
D:8:      minmay_flawed_box, layout_loops_ring, nicolae_sif_muna_little_library,
          zin_treasury, kennysheep_path_1, grunt_ministairs_2,
          minmay_misc_feat_plants, uniq_erica, uniq_maggie, uniq_psyche
D:9:      layout_basic, due_lair_maze_entry_diamond, david_orc_4,
          ploomutoo_gammafunk_ghost_potion_laboratory, uniq_amaemon
Temple:   nicolae_temple_bog_church
Lair:1:   layout_misc_corridors, ebering_ghost_xom,
          lightli_volcano_entry_magma_tube
Orc:1:    layout_caves, basic_altar
Orc:2:    grunt_orc_community_town_hall, layout_caves,
          grunt_orc_community_big_house_2, grunt_orc_community_big_house_1,
          grunt_orc_community_house_3, grunt_orc_community_house_1,
          grunt_orc_community_house_1, grunt_orc_community_house_1,
          grunt_orc_community_house_2, mines4_lemuel
